 Dungeon Crawl Stone Soup version 0.30.1-3-gfc49f6343a (webtiles) character file.

Game seed: 32459237307078895

449 Zeor the Shooter (level 6, -1/53 HPs)
             Began as a Minotaur Hunter on July 26, 2023.
             Slain by an iron imp (8 damage)
             ... summoned by Eustachio
             ... on level 4 of the Dungeon.
             The game lasted 00:09:25 (2989 turns).

Zeor the Shooter (Minotaur Hunter)                  Turns: 2989, Time: 00:09:25

Health: -1/53      AC:  6    Str: 16    XL:     6   Next: 74%
Magic:  5/5        EV: 13    Int:  6    God:
Gold:   133        SH:  0    Dex: 20    Spells: 5/5 levels left

rFire   . . .        a - +0 shortbow (heavy)
rCold   . . .        (shield currently unavailable)
rNeg    . . .        d - +2 leather armour of the Rose {Dex+5}
rPois   .            (helmet restricted)
rElec   .            k - +0 cloak
rCorr   .            (no gloves)
SInv    .            (no boots)
Will    .....        (no amulet)
Stlth   ++           (no ring)
HPRegen 0.28/turn    (no ring)
MPRegen 0.09/turn

%: no passive effects
@: no status effects
A: horns 2, retaliatory headbutt
a: no special abilities


You were on level 4 of the Dungeon.
You visited 1 branch of the dungeon, and saw 4 of its levels.

You collected 155 gold pieces.
You spent 22 gold pieces at shops.

Inventory:

Hand Weapons
 a - a +0 heavy shortbow (weapon)
 b - a +1 falchion of holy wrath
 j - a +3 quarterstaff of chaos
 m - a +0 triple sword
 p - a +2 flail of protection
Armour
 d - the +2 leather armour of the Rose (worn) {Dex+5}
   (You found it on level 2 of the Dungeon)

   Dex:       It affects your dexterity (+5).
 f - a +0 chain mail
 k - a +0 cloak (worn)
Scrolls
 g - a scroll of immolation
 l - a scroll of fear
 n - a scroll of identify
Potions
 c - a potion of flight {unknown}
 e - a potion of resistance {unknown}
 h - 4 potions of curing
 i - a potion of berserk rage {unknown}
 o - a potion of invisibility {unknown}


   Skills:
 * Level 4.6 Fighting
 + Level 0.3 Long Blades
 + Level 7.3 Ranged Weapons
 + Level 1.4 Armour
 * Level 3.4 Dodging
 + Level 1.1 Stealth


You had 5 spell levels left.
You didn't know any spells.
Your spell library was empty.

Dungeon Overview and Level Annotations

Branches:
Dungeon (4/15)
 Temple: D:4-7

Altars:

Shops:
D:4 *

Annotations:
D:4 Eustachio


Innate Abilities, Weirdness & Mutations

You have a pair of horns on your head.
You reflexively headbutt those who attack you in melee.


Message History

The ball python constricts you. The white imp barely misses you.
The ball python closely misses you. The ball python constricts you.
The white imp hits you but does no damage.
Fire: a) +0 shortbow (heavy)
Press: ? - help, Q - select action Shift-Dir - straight line, f/p - Eustachio
Aim: Eustachio, wielding a +0 rapier and wearing a +0 leather armour (heavily wounded, 58% to hit)
You shoot an arrow. The arrow closely misses Eustachio.
The ball python bites you but does no damage.
The ball python constricts you. Eustachio hits you with a +0 rapier.
The ball python bites you. The ball python constricts you.
The white imp hits you but does no damage.
The iron imp hits you. Eustachio hits you but does no damage.
Fire: a) +0 shortbow (heavy)
Press: ? - help, Q - select action Shift-Dir - straight line, f/p - Eustachio
Aim: Eustachio, wielding a +0 rapier and wearing a +0 leather armour (heavily wounded, 58% to hit)
You shoot an arrow. The arrow hits Eustachio!!
Eustachio is almost dead.
The ball python bites you but does no damage.
The ball python constricts you. The white imp gestures at you.
The puff of frost hits you!
The ball python bites you but does no damage.
The ball python constricts you. The iron imp barely misses you.
Eustachio hits you with a +0 rapier. The white imp hits you.
* * * LOW HITPOINT WARNING * * *
The white imp freezes you.
* * * LOW HITPOINT WARNING * * *
The ball python barely misses you. You furiously retaliate!
You headbutt the ball python.
You kill the ball python!
Fire: a) +0 shortbow (heavy)
Press: ? - help, Q - select action Shift-Dir - straight line, f/p - Eustachio
Aim: Eustachio, wielding a +0 rapier and wearing a +0 leather armour (almost dead, 58% to hit)
You shoot an arrow. The arrow misses Eustachio.
Eustachio mumbles some strange words.
The white imp barely misses you. The iron imp hits you.
* * * LOW HITPOINT WARNING * * *
Eustachio hits you but does no damage. The white imp completely misses you.
You furiously retaliate!
You headbutt the white imp! The iron imp hits you!
You die... ▒▒▒▒▒▒▒▒▒ ∙∙∙∙∙∙∙∙▒ ∙∙∙∙∙∙∙∙▒▒▒▒▒▒▒ ▒▒▒▒▒▒ ∙∙∙∙∙∙∙5∙∙∙∙∙∙∙ ∙∙∙∙∙▒ ∙∙∙∙∙∙55@∙∙∙∙∙∙

∙∙∙∙∙▒ ▒H∙b∙∙∙∙∙ ∙∙∙∙∙▒
▒∙r∙∙∙∙∙∙ ∙∙∙∙∙▒
▒∙∙∙∙∙∙∙∙ ∙∙∙∙∙▒▒▒▒▒▒▒
▒∙∙)∙∙∙∙∙ ∙∙∙∙∙▒∙∙∙∙∙▒
▒∙∙∙∙∙∙∙∙ ∙∙∙∙∙▒∙∙∙∙∙▒
▒∙∙∙∙∙∙∙∙
∙∙∙∙∙▒∙∙∙∙∙▒▒▒▒▒∙∙∙∙∙∙∙∙


∙∙)∙∙)∙∙∙∙∙∙∙∙∙∙∙∙∙∙∙∙∙^ ∙∙∙∙∙▒∙∙∙∙∙▒▒▒▒▒▒▒▒▒▒▒▒▒ You could see Eustachio, an
iron imp (summoned), a white imp (summoned), an ufetubus (summoned), a bat
(summoned, wandering) and a rat (summoned).

Vanquished Creatures
  Edmund (D:4)
  Crazy Yiuf (D:2)
  3 orc priests
  A sleepcap (D:4)
  An orc wizard (D:4)
  Robin (D:2)
  3 adders
  3 dart slugs (D:2)
  5 worms
  11 orcs
  2 bats
  10 endoplasms
  4 giant cockroaches
  8 hobgoblins
  4 quokkas
  7 ball pythons
  2 frilled lizards
  15 goblins
  8 kobolds
  7 rats
97 creatures vanquished.

Notes
Turn   | Place    | Note
-------+----------+-------------------------------------------
     0 | D:1      | Zeor the Minotaur Hunter began the quest for the Orb.
     0 | D:1      | Reached XP level 1. HP: 18/18 MP: 0/0
   162 | D:1      | Reached XP level 2. HP: 24/25 MP: 1/1
   261 | D:1      | Reached skill level 5 in Ranged Weapons
   942 | D:2      | Reached XP level 3. HP: 30/30 MP: 2/2
   974 | D:2      | Noticed Robin
   996 | D:2      | Killed Robin
  1099 | D:2      | Identified the +2 leather armour of the Rose {Dex+5}
  1148 | D:2      | Found a faded altar of an unknown god.
  1429 | D:2      | Found a runed translucent door.
  1430 | D:2      | Noticed Crazy Yiuf
  1530 | D:2      | Reached XP level 4. HP: 38/38 MP: 3/3
  1742 | D:2      | Killed Crazy Yiuf
  1743 | D:2      | Reached skill level 1 in Armour
  1899 | D:2      | Reached skill level 6 in Ranged Weapons
  1900 | D:2      | Reached XP level 5. HP: 20/46 MP: 4/4
  2734 | D:4      | Found Bujuiwk's General Store.
  2774 | D:4      | Bought a scroll of identify for 22 gold pieces
  2840 | D:4      | Reached skill level 1 in Stealth
  2840 | D:4      | Reached XP level 6. HP: 47/52 MP: 5/5
  2858 | D:4      | Noticed Edmund
  2863 | D:4      | Killed Edmund
  2864 | D:4      | Reached skill level 7 in Ranged Weapons
  2972 | D:4      | Noticed Eustachio
  2989 | D:4      | Slain by an iron imp

Illustrated notes

Levels and vault maps discovered:
D:1:      nagdon_arrival_double_spiral, layout_basic, grunt_decor_cap
D:2:      layout_loops_ring, shapermc_ecumenical_altar_acropolis,
          uniq_crazy_yiuf_cottage, uniq_robin
D:3:      layout_loops_ring
D:4:      layout_basic, serial_shops, shop, uniq_edmund, uniq_eustachio,
          uniq_grinder

Skill      XL: |  1  2  3  4  5  6 |
---------------+-------------------+-----
Ranged Weapons | 5 6 7 |  7.3
Fighting       | 3 4 |  4.6
Armour         | 1 |  1.4
Dodging        | 3 |  3.4
Stealth        | 1 |  1.1
Long Blades    | |  0.3

Action                     |  1- 3 |  4- 6 || total
---------------------------+-------+-------++-------
  Melee: Falchion          |       |    14 ||    14
         Headbutt          |       |     2 ||     2
   Fire: Shortbow          |   106 |   109 ||   215
    Use: Scroll            |     2 |     4 ||     6
 Armour: Leather armour    |     1 |    23 ||    24
         Chain mail        |    36 |       ||    36
  Dodge: Dodged            |    21 |    46 ||    67
